 Dungeon Crawl Stone Soup version 0.27-a0-1090-gb115f176c6 (webtiles) character file.

Game seed: 8242216228444806732

16 kae the Ruffian (level 2, 0/23 HPs)
             Began as a Draconian Transmuter on Apr 27, 2021.
             Slain by a quokka (1 damage)
             ... on level 1 of the Dungeon.
             The game lasted 00:00:18 (428 turns).

kae the Ruffian (Draconian Transmuter)               Turns: 428, Time: 00:00:19

Health: 0/23       AC:  4    Str: 12    XL:     2   Next: 37%
Magic:  5/5        EV: 12    Int: 13    God:
Gold:   6          SH:  0    Dex: 11    Spells: 4/5 levels left

rFire    . . .     SeeInvis .     - Unarmed
rCold    . . .     Faith    .   (no shield)
rNeg     . . .     Spirit   .   (armour unavailable)
rPois    .         Reflect  .   (helmet currently unavailable)
rElec    .         Harm     .   (no cloak)
rCorr    .         Rampage  .   (no gloves)
Will     .....                  (boots currently unavailable)
Stlth    +.........             (no amulet)
HPRegen  0.07/turn              (no ring)
MPRegen  0.09/turn              (no ring)

@: appendages (expiring), slowed, very slow
A: horns 2, talons 2, AC +4, unfitting armour, cold-blooded
a: End Transformation


You were on level 1 of the Dungeon.
You had temporarily grown beastly horns and talons.
You visited 1 branch of the dungeon, and saw 1 of its levels.

You collected 6 gold pieces.

Inventory:

Jewellery
 c - a +6 ring of intelligence
Scrolls
 a - a scroll of enchant weapon {unknown}
Potions
 b - a potion of berserk rage {unknown}


   Skills:
 + Level 1.4 Fighting
 + Level 1.9 Dodging
 * Level 3.2 Unarmed Combat
 + Level 2.1 Spellcasting
 * Level 2.3 Transmutations


You had 4 spell levels left.
You knew the following spells:

 Your Spells              Type           Power      Damage    Failure   Level
a - Beastly Appendage     Tmut           14%        N/A       10%         1

Your spell library contained the following spells:

 Spells                   Type           Power      Damage    Failure   Level
 Wereblood                Tmut           7%         N/A       14%         2
 Spider Form              Tmut/Pois      2%         N/A       43%         3
 Ice Form                 Ice/Tmut       4%         N/A       83%         4
 Hydra Form               Tmut           3%         N/A       95%         5


Dungeon Overview and Level Annotations

Branches:
Dungeon (1/15)

Altars:


Innate Abilities, Weirdness & Mutations

You have temporarily grown beastly horns and talons.
Your plain brown scales are hard. (AC +4)
You cannot fit into any form of body armour.
You are cold-blooded and may be slowed by cold attacks.


Message History

The quokka is severely wounded.
The quokka bites you.
The endoplasm hits you but does no damage.
The goblin hits you but does no damage.
The quokka bites you but does no damage.
The endoplasm hits you.
You are too injured to fight recklessly!
You are too injured to fight recklessly!
You are too injured to fight recklessly!
You are too injured to fight recklessly!
You are too injured to fight recklessly!
You are too injured to fight recklessly!
You are too injured to fight recklessly!
You barely miss the quokka.
The quokka is severely wounded.
The goblin hits you but does no damage. The quokka completely misses you.
The endoplasm barely misses you. The goblin hits you but does no damage.
You barely miss the quokka. Your kick misses the quokka.
The quokka is severely wounded.
The quokka bites you. The endoplasm freezes you.
You are frozen.
You feel as though you will be slow longer.
The quokka bites you but does no damage.
The goblin hits you with a +0 dagger. The endoplasm hits you.
* * * LOW HITPOINT WARNING * * *
You hit the quokka but do no damage. Your headbutt misses the quokka.
The quokka is severely wounded.
Your transformation is almost over.
The quokka bites you.
* * * LOW HITPOINT WARNING * * *
The goblin barely misses you. The endoplasm freezes you.
You are frozen.
* * * LOW HITPOINT WARNING * * *
The quokka bites you but does no damage.
The goblin barely misses you.
The quokka bites you but does no damage.
The quokka bites you.
You die...

#.#†####.# ...#
#........#####..#
###......)..†...#
#######...####.#
#####...#
........#
#####.#.#
#...####.#
#...@Jg.#
#....r?.#
#.###.....# ...
##....# ####
#..... #....#
###.. ##


You could see an endoplasm, a quokka and a goblin.

Vanquished Creatures
  A dart slug (D:1)
  2 ball pythons (D:1)
  2 bats (D:1)
  An endoplasm (D:1)
  2 goblins (D:1)
  A quokka (D:1)
  A kobold (D:1)
  3 rats (D:1)
13 creatures vanquished.

Notes
Turn   | Place    | Note
-------+----------+-------------------------------------------
     0 | D:1      | kae the Draconian Transmuter began the quest for the Orb.
     0 | D:1      | Reached XP level 1. HP: 16/16 MP: 3/3
   293 | D:1      | Reached XP level 2. HP: 23/23 MP: 3/5
   427 | D:1      | HP: 1/23 [frozen (4)]
   428 | D:1      | Slain by a quokka

Illustrated notes

Levels and vault maps discovered:
D:1:      dpeg_arrival_tiny_j, layout_loops_ring, serial_shops, shop,
          ebering_ecumenical_altar_abandoned, st_stairs_9, minmay_vboxes

Action                   || total
-------------------------++-------
Melee: Unarmed           ||    30
       Punch             ||     2
       Kick              ||     3
       Tailslap          ||     2
       Headbutt          ||     1
 Cast: Beastly Appendage ||     6
Armor: Skin              ||    20
Dodge: Dodged            ||    29

Table legend: (Time is in decaauts)
 A = Elapsed time spent in this place.
 B = Non-inter-level travel time spent in this place.
 C = Inter-level travel time spent in this place.
 D = Time resting spent in this place.
 E = Time spent auto-exploring this place.
 F = Levels seen in this place.
 G = Mean time per level.
                   A        B        C        D        E       F      G
               +--------+--------+--------+--------+--------+-----+--------+
         Total |    428 |    428 |      0 |      0 |    351 |   1 |  428.0 |
       Dungeon |    428 |    428 |      0 |      0 |    351 |   1 |  428.0 |
               +--------+--------+--------+--------+--------+-----+--------+

Top non-repeatable levels by time:
     D:1: 428 daAuts
